 Dungeon Crawl Stone Soup version 0.26.0-8-g74fc34ddfb (webtiles) character file.

Game seed: 11349484988413543006

70 raceaflais the Grasshopper (level 4, 0/51 HPs)
             Began as a Human Warper on Jan 12, 2021.
             Succumbed to a worker ant's poison
             ... on level 1 of the Dungeon.
             The game lasted 00:07:06 (4155 turns).

raceaflais the Grasshopper (Human Warper)           Turns: 4155, Time: 00:07:07

Health: 0/51       AC:  4    Str: 13    XL:     4   Next: 44%
Magic:  1/7        EV: 12    Int: 13    God:
Gold:   149        SH:  0    Dex: 12    Spells: 5/7 levels left

rFire    . . .     SeeInvis .   f - +0 dagger
rCold    . . .     Faith    .   (no shield)
rNeg     . . .     Spirit   .   b - +1 leather armour
rPois    .         Reflect  .   (no helmet)
rElec    .         Harm     .   (no cloak)
rCorr    .         Rampage  .   (no gloves)
Will     .....                  (no boots)
Stlth    ..........             (no amulet)
HPRegen  0.17/turn              (no ring)
MPRegen  0.10/turn              (no ring)

@: berserking, lethally poisoned (0 -> -9), very quick
A: no striking features
a: no special abilities


You were on level 1 of the Dungeon.
You visited 1 branch of the dungeon, and saw 2 of its levels.

You collected 149 gold pieces.

Inventory:

Hand Weapons
 f - a +0 dagger (weapon)
Missiles
 e - 5 boomerangs of dispersal (quivered)
Armour
 b - a +1 leather armour (worn)
Scrolls
 c - a scroll of identify
 d - a scroll of blinking
 h - a scroll of teleportation


   Skills:
 + Level 2.3 Fighting
 + Level 2.6 Short Blades
 + Level 1.0 Throwing
 + Level 2.2 Armour
 + Level 2.3 Dodging
 + Level 2.2 Spellcasting
 + Level 3.2 Translocations


You had 5 spell levels left.
You knew the following spells:

 Your Spells              Type           Power        Failure   Level
a - Blink                 Tloc           N/A          12%         2

Your spell library contained the following spells:

 Spells                   Type           Power        Failure   Level
 Gell's Gravitas          Tloc           5%           24%         3
 Lesser Beckoning         Tloc           5%           24%         3
 Teleport Other           Tloc           10%          24%         3
 Passage of Golubria      Tloc           N/A          63%         4
 Confusing Touch          Hex            1%           67%         3
 Petrify                  Tmut/Erth      1%           97%         4
 Metabolic Englaciation   Hex/Ice        0%           100%        5
 Yara's Violent Unravell  Hex/Tmut       0%           100%        5


Dungeon Overview and Level Annotations

Branches:
Dungeon (2/15)

Altars:


Message History

There is a stone staircase leading down here.
As you read the scroll labelled TACROU WIDO, it crumbles to dust.
It is a scroll of enchant armour.
Your +0 leather armour glows green for a moment.
You feel sick. The worker ant closely misses you.
It was a potion of berserk rage.
A red film seems to cover your vision as you go berserk!
You feel yourself moving faster!
You feel mighty! The worker ant bites you.
* * * LOW HITPOINT WARNING * * *
You are lethally poisoned!
The worker ant poisons you!
You are too berserk!
You hit the worker ant.
The worker ant is heavily wounded.
* * * LOW HITPOINT WARNING * * *
You feel sick. The worker ant bites you.
* * * LOW HITPOINT WARNING * * *
You hit the worker ant.
The worker ant is heavily wounded.
You die...

####### #.....#
########.###.#####
#.................
#.######.###.#####
#.# #.....#
#B######....######
#@................
#.#####...#.######
#.##.....##.#
####'#......##.#
#...........##.######
#...........##.#..#..
#...........##.#..#..
#............#.#.....
#######......#......#


You could see a worker ant.

Vanquished Creatures
  2 adders (D:2)
  2 dart slugs
  2 leopard geckos (D:1)
  6 bats
  12 hobgoblins
  6 kobolds
  2 frilled lizards (D:1)
  2 goblins
  10 rats
44 creatures vanquished.

Notes
Turn   | Place    | Note
-------+----------+-------------------------------------------
     0 | D:1      | raceaflais the Human Warper began the quest for the Orb.
     0 | D:1      | Reached XP level 1. HP: 16/16 MP: 3/3
   283 | D:1      | Reached XP level 2. HP: 13/22 MP: 5/5
   869 | D:1      | Reached XP level 3. HP: 27/27 MP: 6/6
  2939 | D:2      | Learned a level 2 spell: Blink
  2999 | D:2      | Reached XP level 4. HP: 27/34 MP: 7/7
  4154 | D:1      | HP: 1/51 [worker ant (5)]
  4155 | D:1      | Succumbed to a worker ant's poison

Illustrated notes

Levels and vault maps discovered:
D:1:      shiori_arrival_oz, layout_basic, minmay_tromino_mix6
D:2:      layout_loops_ring, dancing_weapons_uskayaw

Skill      XL: |  1  2  3  4 |
---------------+-------------+-----
Armour         | 2 |  2.2
Fighting       | |  2.3
Short Blades   | |  2.6
Throwing       | |  1.0
Dodging        | |  2.3
Spellcasting   | |  2.2
Translocations | |  3.2

Action                   |  1- 3 |  4- 6 || total
-------------------------+-------+-------++-------
Melee: Dagger            |   213 |    95 ||   308
       Short sword       |     9 |       ||     9
 Cast: Blink             |     1 |    10 ||    11
  Use: Scroll            |     3 |     1 ||     4
       Potion            |       |     1 ||     1
Armor: Leather armour    |    73 |    18 ||    91
Dodge: Dodged            |   191 |    52 ||   243
